Map: [ESL] NeoHumanity

Players

Cham

  • Race: Zerg Zerg

NightMare - Winner!

  • Race: Protoss Protoss

Event: IEM Katowice 2023

VOD

Have the link to the VOD?

Description

Time

  • Played on: Feb. 8, 2023, 5:14 a.m.
  • Length: 8:52

All games in this series

Show
View Real Time Build Order
Export as new Build Order

Cham Zerg 

Build Orders: Hatch First 

Get SALT Encoding   

  12  0:00  Drone  
  13  0:13  Overlord  
  13  0:17  Drone  
  14  0:31  Drone x2  
  16  0:50  Hatchery  
  16  0:51  Drone  
  16  0:54  Drone  
  17  0:58  Drone  
  18  1:11  Spawning Pool  
  18  1:12  Extractor  
  18  1:15  Drone  
  17  1:20  Drone  
  18  1:29  Drone  
  19  1:41  Drone  
  20  1:52  Overlord  
  20  1:58  Queen  
  22  2:03  Drone, Queen  
  22  2:04  Drone  
  26  2:19  Hatchery  
  25  2:23  Metabolic Boost  
  25  2:29  Overlord  
  25  2:31  Zergling x2  
  25  2:34  Zergling x2  
  25  2:37  Drone  
  28  2:39  Drone  
  29  2:46  Queen  
  29  2:49  Drone  
  32  2:57  Drone x3  
  35  3:03  Queen  
  37  3:07  Zergling x2  
  37  3:08  Zergling x2  
  37  3:10  Drone  
  40  3:13  Drone  
  40  3:16  Drone  
  40  3:17  Drone  
  40  3:19  Drone  
  44  3:25  Overlord  
  44  3:27  Overlord  
  44  3:32  Drone  
  45  3:37  Evolution Chamber  
  45  3:39  Drone x2  
  45  3:41  Drone x3  
  49  3:49  Drone x3  
  49  3:54  Queen  
  54  3:59  Spore Crawler  
  54  4:00  Drone, Spore Crawler  
  53  4:03  Zerg Melee Weapons Level 1  
  53  4:05  Overlord  
  53  4:08  Overlord  
  53  4:19  Overlord  
  51  4:24  Zergling x2  
  51  4:25  Drone x3, Zergling x4  
  51  4:26  Drone  
  51  4:29  Drone x2  
  51  4:31  Zergling x2  
  58  4:32  Drone  
  55  4:39  Drone x2  
  57  4:46  Drone x2  
  57  4:47  Drone x2  
  57  4:50  Drone x2  
  57  4:52  Drone x2  
  65  4:53  Drone  
  65  4:58  Overlord  
  66  5:01  Lair  
  66  5:02  Extractor  
  66  5:03  Drone  
  66  5:05  Overlord  
  66  5:12  Extractor  
  64  5:16  Drone x2, Hatchery  
  64  5:18  Extractor  
  64  5:21  Extractor, Drone, Baneling Nest  
  64  5:22  Drone  
  64  5:24  Drone x3  
  64  5:25  Drone  
  64  5:28  Drone  
  70  5:30  Overlord  
  70  5:32  Drone x2  
  70  5:33  Drone  
  70  5:34  Drone  
  74  5:38  Overlord  
  74  5:41  Zergling x2  
  74  5:50  Overlord  
  74  5:52  Zergling x16  
  82  5:57  Overlord  
  82  6:04  Zergling x8  
  83  6:05  Drone  
  83  6:09  Centrifugal Hooks  
  86  6:12  Hydralisk Den  
  86  6:14  Baneling x4  
  86  6:16  Zergling x2  
  86  6:17  Zergling x10  
  90  6:19  Overlord  
  90  6:26  Zergling x6  
  90  6:32  Zergling x14  
  99  6:37  Zergling x2  
  96  6:43  Hydralisk x5  
  96  6:44  Hydralisk  
  95  6:51  Hydralisk x2  
  96  6:55  Hydralisk x2  
  96  6:56  Zergling x4  
  96  6:57  Zergling x6  
  96  6:58  Zergling x2  
  96  7:01  Zergling x4  
  103  7:07  Hydralisk x2  
  103  7:08  Zergling x6  
  105  7:13  Zergling x2  
  105  7:14  Baneling x2  
  105  7:15  Baneling x2  
  105  7:19  Zergling x4  
  97  7:23  Hydralisk  
  97  7:25  Hydralisk  
  97  7:28  Hydralisk x2  
  96  7:31  Hydralisk  
  96  7:32  Hydralisk  
  94  7:39  Zergling x2  
  94  7:41  Zergling x2  
  94  7:47  Hydralisk  
  94  7:48  Zergling x2  
  94  7:50  Hatchery  
  91  7:52  Zergling x2  
  91  7:57  Hydralisk  
  84  8:00  Zergling x2  
  84  8:01  Zergling x2  
  83  8:06  Zergling x2  
  83  8:09  Zergling x2  
  83  8:12  Hydralisk  
  69  8:13  Hydralisk  
  69  8:19  Hydralisk  
  72  8:23  Hydralisk  
  72  8:25  Zergling x2  
Show
View Real Time Build Order
Export as new Build Order

NightMare Protoss - Winner!

Build Orders: 1 Gate Expand, Oracle Opening 

Get SALT Encoding   

  12  0:00  Probe  
  13  0:12  Probe  
  14  0:19  Pylon  
  14  0:24  Probe  
  15  0:37  Probe (Chrono Boost)  
  15  0:39  Gateway  
  16  0:46  Assimilator, Probe (Chrono Boost)  
  17  0:52  Probe  
  18  1:04  Probe  
  19  1:16  Probe  
  20  1:24  Nexus  
  20  1:33  Cybernetics Core  
  20  1:36  Probe  
  21  1:42  Assimilator  
  21  1:48  Probe  
  21  1:54  Pylon  
  22  2:00  Probe  
  23  2:08  Probe  
  23  2:09  Adept (Chrono Boost)  
  23  2:14  Stargate  
  26  2:16  Probe  
  27  2:23  Warp Gate  
  27  2:27  Probe  
  28  2:31  Adept  
  28  2:36  Probe  
  31  2:39  Probe  
  32  2:48  Probe  
  32  2:51  Probe  
  34  3:00  Probe  
  34  3:01  Void Ray (Chrono Boost)  
  34  3:03  Probe  
  40  3:08  Pylon  
  40  3:12  Probe  
  41  3:14  Adept  
  41  3:15  Probe  
  44  3:24  Probe  
  45  3:27  Probe  
  45  3:28  Oracle (Chrono Boost)  
  49  3:36  Probe  
  49  3:39  Probe  
  51  3:45  Nexus  
  51  3:48  Pylon  
  51  3:50  Probe  
  51  3:51  Probe  
  51  3:55  Assimilator  
  53  3:59  Pylon  
  53  4:02  Probe  
  54  4:06  Probe  
  54  4:09  Gateway  
  55  4:13  Adept  
  57  4:21  Probe x2  
  57  4:24  Twilight Council  
  57  4:28  Gateway  
  57  4:34  Probe x2  
  57  4:41  Gateway  
  57  4:42  Gateway  
  57  4:43  Gateway  
  57  4:44  Assimilator  
  55  4:47  Shield Battery  
  55  4:50  Stalker  
  57  4:53  Blink (Chrono Boost), Probe x2  
  59  5:02  Probe  
  59  5:05  Probe x2  
  59  5:06  Stalker  
  64  5:14  Probe  
  64  5:17  Probe x2  
  64  5:18  Stalker  
  64  5:20  Pylon  
  69  5:22  Pylon  
  69  5:28  Stalker  
  69  5:29  Probe  
  69  5:35  Stalker  
  74  5:36  Probe x2  
  74  5:38  Pylon  
  74  5:41  Probe, Stalker  
  79  5:49  Stalker x3  
  85  5:58  Gateway  
  85  6:00  Pylon  
  85  6:02  Pylon  
  85  6:05  Stalker x2  
  89  6:17  Stalker x4  
  97  6:23  Pylon  
  97  6:31  Stalker x2  
  101  6:34  Probe x3  
  104  6:42  Stalker x4  
  103  6:50  Probe  
  103  6:51  Probe x2  
  106  6:57  Stalker x3  
  108  7:05  Probe x3  
  111  7:09  Stalker  
  111  7:10  Stalker x2  
  113  7:22  Stalker x4  
  89  7:37  Stalker x3  
  89  7:40  Probe x3 (Chrono Boost)  
  93  7:45  Stalker x2  
  93  7:46  Stalker  
  95  7:51  Stalker  
  85  8:02  Probe, Stalker x3  
  85  8:03  Probe x2  
  86  8:13  Stalker x3  
  84  8:29  Stalker x4  
  84  8:39  Stalker x3  

Tags
 
Add a new tag
Caveats
  • Supply blocks, unpowered buildings, or Contaminate may cause inaccurate times.
  • Supply counts are checked every 10 seconds.